 Dungeon Crawl Stone Soup version 0.23-a0-712-g3a644c0 (console) character file.

536 Duffy the Conjurer (level 7, 46/46 HPs)
             Began as a Demonspawn Fire Elementalist on Jan 15, 2019.
             Was an Initiate of Sif Muna.
             Quit the game on level 4 of the Dungeon.
             The game lasted 00:07:52 (4680 turns).

Duffy the Conjurer (Demonspawn Fire Elementalist)   Turns: 4680, Time: 00:07:52

Health: 46/46      AC:  8    Str:  9    XL:     7   Next: 4%
Magic:  28/28      EV: 16    Int: 18    God:    Sif Muna [......]
Gold:   148        SH:  0    Dex: 13    Spells: 6/14 levels left

rFire    . . .     SeeInvis .   z - staff of power (curse) {!a}
rCold    . . .     Gourm    .   (no shield)
rNeg     + . .     Faith    .   H - +2 leather armour {rN+}
rPois    .         Spirit   .   (no helmet)
rElec    .         Reflect  .   i - scarf {repulsion}
rCorr    .         Harm     .   x - +0 pair of gloves
MR       .....                  (no boots)
Stlth    ++........             r - amulet of regeneration
HPRegen  0.55/turn              d - +2 ring of evasion
MPRegen  0.21/turn              y - +3 ring of evasion

@: repel missiles
A: hooves 1, yellow scales 1, demonic guardian 1, nightstalker 1
a: Renounce Religion


You were on level 4 of the Dungeon.
You worshipped Sif Muna.
Sif Muna was noncommittal.
You were not hungry.

You visited 2 branches of the dungeon, and saw 6 of its levels.

You collected 382 gold pieces.
You spent 234 gold pieces at shops.

Inventory:

Hand Weapons
 f - a +0 dagger
 m - a +0 spear
Armour
 i - a scarf of repulsion (worn)
 x - a +0 pair of gloves (worn)
 D - a +2 shield
 H - a +2 leather armour of positive energy (worn)
Magical Staves
 z - a cursed staff of power (weapon) {!a}
Jewellery
 d - a +2 ring of evasion (left hand)
 r - an amulet of regeneration (around neck)
 y - a +3 ring of evasion (right hand)
Wands
 q - a wand of random effects (5)
 C - a wand of polymorph (10)
Scrolls
 j - a scroll of enchant weapon {unknown}
 k - 2 scrolls of remove curse
 n - a scroll of fear {unknown}
 o - a scroll of noise {unknown}
 p - 2 scrolls of magic mapping
 t - a scroll of amnesia {unknown}
 B - 2 scrolls of immolation {unknown}
 G - a scroll of blinking {unknown}
Potions
 b - 4 potions of brilliance
 e - 2 potions of ambrosia
 g - 2 potions of lignification {unknown}
 h - 4 potions of curing
 l - a potion of resistance {unknown}
 s - 3 potions of might {unknown}
 u - a potion of berserk rage {unknown}
 v - a potion of degeneration {unknown}
 w - a potion of flight {unknown}
 A - a potion of heal wounds {unknown}
 E - a potion of cancellation {unknown}
 F - a potion of agility {unknown}
Comestibles
 a - a chunk of flesh
 c - 8 rations


   Skills:
 - Level 1.7 Dodging
 - Level 1.7 Stealth
 + Level 4.1 Spellcasting
 + Level 4.8 Conjurations
 + Level 4.5 Fire Magic


You had 6 spell levels left.
You knew the following spells:

 Your Spells              Type           Power        Failure   Level  Hunger
h - Flame Tongue          Conj/Fire      ###..        3%          1    None
j - Sticky Flame          Conj/Fire      ###.....     30%         4    ####...
l - Conjure Flame         Conj/Fire      ###.....     9%          3    ###....

Your spell library contained the following spells:

 Spells                   Type           Power        Failure   Level  Hunger
 Magic Dart               Conj           ###.         2%          1    None
 Searing Ray              Conj           ###...       4%          2    ##.....
 Throw Flame              Conj/Fire      ###...       4%          2    ##.....
 Dazzling Spray           Conj/Hex       ##....       22%         3    ###....
 Inner Flame              Hex/Fire       ##......     24%         3    ###....
 Iskenderun's Mystic Bla  Conj           ###.....     28%         4    ####...
 Force Lance              Conj/Tloc      ##......     58%         4    ####...
 Fulminant Prism          Conj/Hex       ##........   58%         4    ####...
 Fireball                 Conj/Fire      ###.......   63%         5    ######.


Dungeon Overview and Level Annotations

Branches:
Dungeon (5/15)             Temple (1/1) D:4

Altars:
Dithmenos
Elyvilon
Fedhas
Gozag
Hepliaklqana
Kikubaaqudgha
Makhleb
Nemelex Xobeh
Okawaru
Qazlal
Ru
Sif Muna
Uskayaw
Vehumet
Wu Jian
Xom
Yredelemnul
Zin
The Shining One

Shops:
D:4 *

Annotations:
D:1 Terence
D:3 exclusion: giant cockroach, Sigmund


Innate Abilities, Weirdness & Mutations

You have large cloven feet.
You are partially covered in yellow scales. (AC +2)
A weak demonic guardian rushes to your aid.
You are slightly more attuned to the shadows.


Message History

The flame tongue hits the phantom.
You destroy the phantom!
Sif Muna accepts your kill.
Your Spellcasting skill increases to level 4!
You have reached level 7!
Your demonic ancestry asserts itself...
You feel the presence of a demonic guardian.
You climb upwards.
There is a stone staircase leading down here.
Eating one of 2 chunks of flesh.
You eat one of the 2 chunks of flesh.
This raw flesh tastes terrible.
HP restored.
Your magical contamination has completely faded away.
Magic restored.
Done exploring.
Done exploring.
Done exploring.
Autopickup is now off.
Unknown command.
Autopickup is now on.
Are you sure you want to abandon this character and quit the game? (Confirm with "yes".)

#.# #.######.# #.. #.#
#........####..
##.###..............
#######.....<###....
###_########### ##...
#8...8############>##
##.....##...........##
#8.....8#........#.###
#..@..##........#.#
#8...8##.......##.###
##.....##.......#..##.
#8.....8#.#######..###
##.....##.# ##....
#8...8##.# ####.
###>####.# #.
#######.# #. ##......#
##


There were no monsters in sight!

Vanquished Creatures
  A phantom (D:5)
  A howler monkey (D:4)
  3 hounds
  An orc wizard (Temple)
  An iguana (D:4)
  5 worker ants
  A hound skeleton (D:4)
  5 adders
  2 adder skeletons (D:4)
  2 worms
  3 leopard geckos
  6 orcs
  A ball python (D:3)
  4 bats
  3 giant cockroaches
  6 goblins
  6 hobgoblins
  6 jackals
  3 quokkas
  5 frilled lizards
  8 kobolds
  3 rats
76 creatures vanquished.

Vanquished Creatures (others)
  4 toadstools (D:3)
4 creatures vanquished.

Grand Total: 80 creatures vanquished

Notes
Turn   | Place    | Note
-------+----------+-------------------------------------------
     0 | D:1      | Duffy the Demonspawn Fire Elementalist began the quest for
                  | the Orb.
     0 | D:1      | Reached XP level 1. HP: 13/13 MP: 3/3
   154 | D:1      | Gained mutation: You are slightly more attuned to the
                  | shadows. [demonic ancestry]
   154 | D:1      | Reached XP level 2. HP: 12/19 MP: 0/5
   891 | D:2      | Noticed Terence
  1066 | D:2      | Reached XP level 3. HP: 20/24 MP: 0/6
  1117 | D:2      | Learned a level 3 spell: Conjure Flame
  2112 | D:3      | Gained mutation: You have large cloven feet. [demonic
                  | ancestry]
  2112 | D:3      | Reached XP level 4. HP: 30/30 MP: 3/7
  2368 | D:3      | Learned a level 4 spell: Sticky Flame
  2529 | D:3      | Noticed Sigmund
  3135 | D:4      | Found a white marble altar of Elyvilon.
  3163 | D:4      | Gained mutation: You are partially covered in yellow
                  | scales. (AC +2) [demonic ancestry]
  3163 | D:4      | Reached XP level 5. HP: 35/35 MP: 3/9
  3348 | D:4      | Found a hazy altar of Hepliaklqana.
  3484 | D:4      | Found a staircase to the Ecumenical Temple.
  3492 | Temple   | Entered the Ecumenical Temple
  3496 | Temple   | Reached XP level 6. HP: 41/41 MP: 6/11
  3600 | Temple   | Became a worshipper of Sif Muna the Loreminder
  3921 | D:4      | Found Exosed's Assorted Antiques.
  3924 | D:4      | Bought a blue potion for 21 gold pieces
  3924 | D:4      | Bought a glowing amethyst potion for 21 gold pieces
  3924 | D:4      | Bought a scroll labeled HETECO TUMOSI for 24 gold pieces
  3924 | D:4      | Bought a scroll of identify for 48 gold pieces
  3943 | D:4      | Found a sacrificial altar of Ru.
  4263 | D:4      | Bought a dyed leather armour for 120 gold pieces
  4283 | D:5      | Entered Level 5 of the Dungeon
  4541 | D:5      | Found a sparkling altar of Nemelex Xobeh.
  4542 | D:5      | Found a blossoming altar of Fedhas.
  4623 | D:5      | Gained mutation: A weak demonic guardian rushes to your
                  | aid. [demonic ancestry]
  4623 | D:5      | Reached XP level 7. HP: 42/46 MP: 13/13
  4680 | D:4      | Quit the game

Vault maps used:
D:1:      sevenhm_arrival_forest_fort_small_4
D:2:      uniq_terence
D:3:      minmay_wonky_spiral, first_ration, kennysheep_another_room,
          st_stairs_13, minmay_gold_behind_fungi, uniq_sigmund
D:4:      lemuel_doored_altar, nicolae_overflow_hidden_temple, elyvilon_altar_4,
          minmay_temple_entry_junction_2, serial_shops, kennysheep_mini,
          lemuel_old_faithful
D:5:      grunt_temple_overflow_open, serial_shops, shop
Temple:   zaba_magenta_temple

Skill      XL: |  1  2  3  4  5  6 |
---------------+-------------------+-----
Conjurations   | 2 3 4 |  4.8
Fire Magic     | 3 4 |  4.5
Spellcasting   | 3 4 |  4.1
Dodging        | |  1.7
Stealth        | |  1.7

Action                   |  1- 3 |  4- 6 |  7- 9 || total
-------------------------+-------+-------+-------++-------
Melee: Unarmed           |    12 |       |       ||    12
       Dagger            |     2 |     1 |       ||     3
 Cast: Flame Tongue      |    65 |   118 |     1 ||   184
       Conjure Flame     |       |     1 |       ||     1
       Sticky Flame      |       |     1 |       ||     1
Evoke: Wand              |       |     5 |       ||     5
  Use: Scroll            |     3 |     2 |       ||     5
 Stab: Distracted        |       |     1 |       ||     1
  Eat: Chunk             |     4 |     8 |     1 ||    13
Armor: Robe              |     6 |     7 |       ||    13
Dodge: Dodged            |    25 |    50 |       ||    75
       Deflected         |       |     2 |       ||     2

Table legend:
 A = Non-vault XP
 B = Vault XP
 C = Vault XP percentage of total XP
 D = Non-vault monster count
 E = Vault monster count
 F = Vault count percentage of total count
                 A         B        C        D         E       F
            +---------+---------+-------+---------+---------+-------
      Total |     757 |      10 |   1.3 |      71 |       5 |   6.6
            +---------+---------+-------+---------+---------+-------
        D:1 |      24 |       0 |   0.0 |      14 |       0 |   0.0
        D:2 |     114 |       0 |   0.0 |      16 |       0 |   0.0
        D:3 |      34 |       8 |  19.0 |      11 |       4 |  26.7
        D:4 |     256 |       2 |   0.8 |      18 |       1 |   5.3
        D:5 |     214 |       0 |   0.0 |       6 |       0 |   0.0
     Temple |     115 |       0 |   0.0 |       6 |       0 |   0.0
            +---------+---------+-------+---------+---------+-------
